[Event "Czech Championship 2022"]
[Site "Usti nad Labem"]
[Date "2022.05.18"]
[Round "5.3"]
[White "Navara, David"]
[Black "Kraus, Tomas"]
[Result "1-0"]
[ECO "D36"]
[WhiteElo "2682"]
[BlackElo "2472"]
[Annotator "TA"]
[PlyCount "55"]
[EventDate "2022.05.12"]
[EventType "swiss"]
[EventCountry "CZE"]
[SourceTitle "playchess.com"]
[Source "ChessBase"]
[SourceQuality "1"]
[TimeControl "40/5400+30:1800+30"]

1. d4 d5 2. c4 e6 3. Nf3 a6 4. cxd5 exd5 5. Nc3 Nf6 6. Bg5 c6 7. e3 Be7 8. Bd3 h6 9. Bh4 Nbd7 10. Qc2 O-O 11. O-O Re8 12. Rae1 {[%emt 0:30:40] D36: Queen's Gambit Declined: Exchange Variation: Main line (5 Bg5 c6 6 Qc2).} Ne4 13. Bxe4 (13. Nxe4 $2 dxe4 14. Bxe4 (14. Bxe7 $2 Qxe7 15. Bxe4 Qxe4 $19) 14... Bxh4 $19) 13... Bxh4 14. Bh7+ {[%emt 0:00:07] [#] White has an edge.} Kf8 $146 ({Predecessor:} 14... Kh8 15. Bd3 Be7 16. e4 Nb6 17. Ne5 Be6 18. exd5 Nxd5 19. Bf5 Kg8 20. Bxe6 fxe6 {½-½ (42) Nesterov,A (2522)-Andreikin,D (2724) Chess.com INT 2022}) 15. e4 dxe4 16. Nxh4 Qxh4 17. Nxe4 {[%emt 0:00:09] Strongly threatening Nd6.} g6 (17... Qe7 $11 {remains equal.}) 18. Nd6 $16 Re7 19. d5 {[%emt 0:10:13] 0x0.002d06a4c7efdp-1022s more active pieces.} (19. Re3 $16) 19... c5 $2 {[%emt 0:11:29][%mdl 8192] [#] Black cannot hold the game after this.} (19... Qf6 $11 {and Black has nothing to worry.} 20. Rxe7 (20. dxc6 Ne5 $14) 20... Qxe7 21. dxc6 Qxd6 22. cxd7 Bxd7) 20. Nxf7 $1 $40 {[%emt 0:05:15][%mdl 640] Black is in trouble.} Rxf7 21. Bxg6 {[%emt 0:00:05] Really sharp!} ({Not} 21. Qxg6 Nf6 22. Re8+ (22. g3 $2 Qh3 $19) 22... Kxe8 $17) 21... Rf6 (21... Re7 22. d6 Rxe1 23. Rxe1 Nf6) 22. Re8+ $18 Kg7 23. Rfe1 {[%emt 0:01:14][%cal Bf1e1,Be1e7,Be7h7][%mdl 32] Threatening mate with R1e7+.} Nf8 (23... Qxf2+ $18 24. Qxf2 Rxf2) 24. R1e7+ {[%emt 0:00:45] White mates.} Kg8 {[%emt 0:01:32] [#]} 25. Bf7+ $1 {[%emt 0:00:13][%mdl 576] Deflection, Decoy, Clearance} Rxf7 26. Qg6+ $1 Kh8 27. Rxf8+ {[%emt 0:00:07][%mdl 64] Remove Defender} Rxf8 28. Rh7# {[%emt 0:03:20] Weighted Error Value: White=0.16 (very precise) /Black=0.90} 1-0

[Event "Czech Championship 2022"]
[Site "Usti nad Labem"]
[Date "2022.05.18"]
[Round "5.4"]
[White "Finek, Vaclav"]
[Black "Babula, Vlastimil"]
[Result "0-1"]
[ECO "A46"]
[WhiteElo "2410"]
[BlackElo "2576"]
[Annotator "TA"]
[PlyCount "148"]
[EventDate "2022.05.12"]
[EventType "swiss"]
[EventCountry "CZE"]
[SourceTitle "playchess.com"]
[Source "ChessBase"]
[SourceQuality "1"]
[TimeControl "40/5400+30:1800+30"]

1. d4 Nf6 2. Nf3 e6 3. g3 b5 4. e3 a6 5. a4 b4 $1 6. Bg2 {[%emt 0:00:11] A46: 1 d4 Nf6 2 Nf3 e6: Torre, London and Colle Systems.} d5 {[%emt 0:00:52] [#]} 7. O-O $146 ({Predecessor:} 7. c4 c5 8. O-O Bb7 9. Nbd2 Nbd7 10. b3 Be7 11. Bb2 O-O 12. Rc1 Rc8 13. Ne5 {1-0 (56) Berkes,F (2661)-Berescu,A (2450) Sovata 2018}) 7... Nbd7 8. Nbd2 {[%emt 0:00:41] White has an edge.} Bb7 9. c4 bxc3 10. bxc3 Be7 11. c4 c5 12. Bb2 O-O 13. Qe2 Rb8 14. Rab1 dxc4 15. Nxc4 Be4 16. Rbc1 Rb4 17. Rfd1 Qa8 (17... cxd4 $11 18. Nxd4 Bxg2 19. Kxg2 Qa8+ 20. Nf3 h6) 18. dxc5 (18. Ba3 $1 $14) 18... Nxc5 $11 19. Ba3 Nb3 (19... Rxa4 $2 20. Nb6 Rxa3 21. Nxa8 Bxa8 22. Ne5 $18) 20. Bxb4 (20. Rb1 $5 Rxc4 21. Qxc4 $14 (21. Bxe7 Rc2 $11)) 20... Nxc1 21. Rxc1 Bxb4 22. Nce5 h6 23. Qf1 Ba3 {[%emt 0:04:44] A strong pair of Bishops.} 24. Rd1 Nd5 25. Nd4 Bxg2 26. Qxg2 Rc8 27. Qf3 Qb7 28. h4 (28. e4 $1 $14 Nc3 29. Rd3) 28... Qc7 (28... Bd6 $5 29. Nd3 Rc4 $15) 29. Nec6 Nc3 30. Rd3 Bb2 $36 {[%emt 0:00:17][%mdl 2048] Black is pushing.} 31. Rd2 Nxa4 32. Rc2 Re8 {[%emt 0:01:04] Prevents Ne7+.} 33. Qe4 {[%emt 0:01:01] Ne2 is the strong threat.} Bxd4 34. Qxd4 Nb6 35. Ne7+ Qxe7 $17 36. Qxb6 {[%emt 0:00:04][%mdl 4096] Endgame KQR-KQR} Ra8 (36... Qd8 $1 $17 37. Qxd8 Rxd8) 37. Rc7 $15 Qd8 38. Qc6 a5 39. Rd7 {[%emt 0:00:37] Prevents Qd1+.} Qe8 {[%emt 0:00:17] Strongly threatening ...a4.} (39... Qc8 $5 40. Rc7 Qb8 $15) 40. Qa4 {[%emt 0:00:29] [#] Black continues to play with concentration.} (40. Qf3 $15) 40... Ra7 $3 $17 41. Rd4 Qxa4 42. Rxa4 {[%emt 0:00:05] KR-KR} Kf8 43. Kf1 Ke7 44. Ke2 Kd6 45. Kd3 Kc5 46. Kc3 Kb5 47. Kb3 (47. Rd4 $17 {might work better.}) 47... Rd7 $19 48. Ra2 e5 49. Rb2 (49. h5 {was called for.}) 49... a4+ 50. Kc3+ Kc5 {[%emt 0:00:00] And now ...a3 would win.} 51. Ra2 {[%emt 0:00:00] [#]} (51. Rb8 $142) 51... Ra7 $1 52. Ra1 $2 (52. Ra3 {was necessary.}) 52... a3 53. Ra2 (53. Kb3 $142 Kd5 54. Ka2) 53... e4 54. Kb3 Kb5 55. g4 g5 56. hxg5 hxg5 {[%emt 0:00:00] ( -> ...Ra8)} 57. Ra1 a2 58. Kc3 f6 59. Kd4 Kb4 60. Kxe4 {[%emt 0:00:10] [#]} Ra5 $1 61. f4 Kb3 62. Rf1 a1=Q 63. Rxa1 Rxa1 {[%emt 0:00:06] KR-K3P} 64. Kf5 Rf1 65. Kxf6 gxf4 66. exf4 Rxf4+ {[%emt 0:00:04] KR-KP} 67. Kg5 Rf1 68. Kh6 Kc4 69. g5 Kd5 70. g6 Ke6 71. Kh7 Rg1 72. g7 Kf7 73. g8=N Rh1+ 74. Nh6+ Kf6 {[%emt 0:00:05] Weighted Error Value: White=0.56/Black=0.07 (flawless)} 0-1

[Event "Czech Championship 2022"]
[Site "Usti nad Labem"]
[Date "2022.05.18"]
[Round "5.5"]
[White "Stocek, Jiri"]
[Black "Rubes, Jan"]
[Result "1-0"]
[ECO "D30"]
[WhiteElo "2533"]
[BlackElo "2386"]
[Annotator "TA"]
[PlyCount "131"]
[EventDate "2022.05.12"]
[EventType "swiss"]
[EventCountry "CZE"]
[SourceTitle "playchess.com"]
[Source "ChessBase"]
[SourceQuality "1"]
[TimeControl "40/5400+30:1800+30"]

1. d4 Nf6 2. c4 e6 3. Nf3 d5 4. Bg5 h6 5. Bxf6 Qxf6 6. Qb3 {[%emt 0:00:12] Inhibits Bb4+. D30: Queen's Gambit Declined: Systems without Nc3.} dxc4 7. Qxc4 Nc6 8. e4 {[%emt 0:18:11][%cal Be2e4,Be4e5][%mdl 32] The position is equal.} Bb4+ 9. Nc3 O-O {[%emt 0:01:31] [#]} (9... Qg6 $5 ) 10. Bd3 $146 ({Predecessor:} 10. Be2 Bxc3+ 11. bxc3 Qg6 12. e5 Qxg2 13. Rg1 Qh3 14. Rg3 Qf5 15. O-O-O Rd8 16. Rdg1 {½-½ (36) Kaczorowski,P (2030)-Wagner,B (1890) ICCF email 1997}) 10... Rd8 11. e5 $1 Qf4 12. Rd1 $1 Bd7 ({Not} 12... Nxd4 13. Nxd4 Rxd4 14. Qxd4 $3 (14. Bh7+ Kxh7 15. Qxd4 Qxd4 $16) 14... Qxd4 15. Bh7+ $1 Kxh7 16. Rxd4 $16) 13. Bb1 h5 14. O-O Bxc3 15. Qxc3 Ne7 $1 16. Qxc7 Nd5 17. Qc2 g6 18. Rfe1 Rac8 (18... Bc6 $1 $14) 19. Qb3 $16 Nb6 20. Qe3 Nd5 21. Qa3 Bc6 22. g3 Qh6 (22... Qg4 $2 23. Re4 $18) 23. h4 Qf8 24. Qxf8+ (24. Qxa7 {looks sharper.} Nc7 25. Ng5 Qb4 26. Be4) 24... Kxf8 25. Ng5 Ne7 26. Rd2 Rd7 27. Red1 Rcd8 28. Nh7+ Kg7 29. Nf6 Rc7 30. Rc1 Rcc8 31. Be4 {[%emt 0:00:31] White is much more active.} (31. f4 $16) 31... Bxe4 (31... Ng8 $1 $11) 32. Rxc8 Rxc8 33. Nxe4 $11 {[%emt 0:00:05][%mdl 4096] Endgame KRN-KRN} Rc1+ 34. Kg2 Nd5 35. Kf3 b6 36. a3 a5 37. Ke2 b5 38. Nc5 a4 {[%emt 0:03:15] Against Nb3} 39. Rd1 Rc2+ 40. Rd2 $1 Rc1 41. Kd3 b4 42. axb4 Nxb4+ 43. Ke2 Ra1 44. Ne4 a3 45. bxa3 Rxa3 46. Nd6 Ra2 ({Black should play} 46... Nc6) 47. Rxa2 Nxa2 $16 {[%emt 0:00:06] KN-KN} 48. Kd3 {[%emt 0:00:23] aiming for Kc4.} Nb4+ 49. Kc4 Nd5 50. Ne8+ Kh6 (50... Kf8 $16 {might work better.} 51. Nf6 Ne7) 51. Nf6 $18 Ne7 52. d5 exd5+ 53. Kc5 (53. Nxd5 $16 Nc6 54. f4) 53... g5 $11 54. hxg5+ Kxg5 55. Kd6 Ng6 56. Kxd5 {[%emt 0:02:41] Ke4 is the strong threat.} h4 57. gxh4+ Nxh4 {[%emt 0:00:19] [#]} (57... Kf5 $11 {remains equal.}) 58. Ke4 $1 $16 Kg6 59. Nd5 Nf5 60. Kf4 Ng7 61. Kg4 Ne8 62. f4 Ng7 $2 {[%emt 0:02:44][%mdl 8192] A mistake that costs the game.} (62... f5+ $16 63. Kh4 Ng7) 63. f5+ $1 {[%emt 0:00:22] White mates.} Kh7 64. Kg5 Kg8 65. Nc7 Kf8 66. f6 {[%emt 0:00:23] Weighted Error Value: White=0.12 (very precise) /Black=0.23 (precise)} 1-0

[Event "Czech Championship 2022"]
[Site "Usti nad Labem"]
[Date "2022.05.18"]
[Round "5.6"]
[White "Mica, Marek"]
[Black "Krejci, Jan"]
[Result "1/2-1/2"]
[ECO "D02"]
[WhiteElo "2343"]
[BlackElo "2520"]
[Annotator "TA"]
[PlyCount "79"]
[EventDate "2022.05.12"]
[EventType "swiss"]
[EventCountry "CZE"]
[SourceTitle "playchess.com"]
[Source "ChessBase"]
[SourceQuality "1"]
[TimeControl "40/5400+30:1800+30"]

1. Nf3 d5 2. g3 Nc6 3. d4 Bf5 4. Bg2 Nb4 5. Na3 e6 6. c3 {[%emt 0:01:12] D02: 1 d4 d5 2 Nf3 sidelines, including 2...Nf6 3 g3 and 2...Nf6 3 Bf4.} Nc6 7. Nc2 Be7 8. b4 {[%emt 0:11:37] [#] White has an edge.} Nf6 $146 ({Predecessor:} 8... a6 9. O-O Nf6 10. a4 Ne4 11. Bb2 O-O 12. Ne3 Bg6 13. Ne1 Bd6 14. Nd3 h5 {1-0 (60) Geyer,B (2180)-Prueske,W (2006) Rottach Egern 2021}) 9. O-O Ne4 10. Bb2 O-O 11. Ne3 Bg6 12. b5 Na5 13. Ne5 a6 14. Nxg6 hxg6 15. Bxe4 dxe4 16. a4 Bg5 {[%emt 0:14:25] ...Bxe3 is the strong threat.} 17. Ba3 Re8 {[%emt 0:00:02] Threatens to win with ...Bxe3.} 18. Bb4 Bxe3 19. Bxa5 ({Avoid the trap} 19. fxe3 $2 Nc4 20. bxa6 Rxa6 $19) 19... Bg5 20. e3 axb5 21. axb5 b6 22. Bb4 Rxa1 23. Qxa1 Qd5 24. Qa7 Rc8 25. Ra1 Qxb5 26. Qb7 Qe8 27. h4 Bf6 ({Much less strong is} 27... c5 28. hxg5 cxb4 29. cxb4 $16) 28. Ra7 c5 {[%emt 0:13:41] And now ...Rb8 would win.} 29. Ba3 Rb8 30. Qxe4 cxd4 (30... Qb5 $11) 31. cxd4 $16 b5 32. Bd6 Rd8 33. Bc5 (33. Ra6 $1 $16) 33... Rb8 (33... Rc8 $11) 34. Bd6 Rd8 35. Bc5 Rb8 36. Bb4 Qc8 (36... g5 $16) 37. Bd6 $18 Qc1+ 38. Kg2 $1 {[%emt 0:00:10] Active counter play!} Rd8 {[%emt 0:01:19] [#]} 39. Bc5 (39. Qb7 $1 $18 {[%cal Rb7f7] is the precise move to win.} Kh7 40. Bc5) 39... Qc4 $16 40. Qb7 {[%emt 0:05:37] Weighted Error Value: White=0.15 (very precise) /Black=0.11 (very precise)} 1/2-1/2

[Event "Czech Championship 2022"]
[Site "Usti nad Labem"]
[Date "2022.05.18"]
[Round "5.7"]
[White "Cernousek, Lukas"]
[Black "Sorm, Daniel"]
[Result "1-0"]
[ECO "A28"]
[WhiteElo "2440"]
[BlackElo "2306"]
[Annotator "TA"]
[PlyCount "27"]
[EventDate "2022.05.12"]
[EventType "swiss"]
[EventCountry "CZE"]
[SourceTitle "playchess.com"]
[Source "ChessBase"]
[SourceQuality "1"]
[TimeControl "40/5400+30:1800+30"]

1. c4 e5 2. Nc3 Nf6 3. Nf3 Nc6 4. e3 d5 5. cxd5 Nxd5 6. Bb5 Nxc3 7. bxc3 Bd6 8. d4 Bd7 {[%emt 0:01:54] is currently scoring better than 8...exd4. A28: English Opening: Four Knights Variation.} 9. Rb1 Rb8 10. O-O {[%emt 0:10:26] [#]} Qf6 $146 ({Predecessor:} 10... a6 11. Bxc6 Bxc6 12. dxe5 Bxf3 13. Qxf3 Bxe5 14. Rxb7 O-O 15. Ba3 Bd6 16. Rxb8 Qxb8 17. Bxd6 cxd6 {½-½ (34) Tsakiris,H (2265)-Can,I (1923) Skopje 2015}) 11. e4 {[%emt 0:19:26] [#] Hoping for d5.} O-O $2 (11... Qe7 $16) 12. d5 $18 {[%emt 0:12:08] White has a decisive advantage.} Bg4 13. dxc6 bxc6 14. Bd3 {[%emt 0:35:36] Black got outplayed after the opening.  Weighted Error Value: White=0.04 (flawless) /Black=0.93} 1-0

[Event "Czech Championship 2022"]
[Site "Usti nad Labem"]
[Date "2022.05.18"]
[Round "5.8"]
[White "Buchcar, Tomas"]
[Black "Rasik, Vitezslav"]
[Result "1/2-1/2"]
[ECO "B07"]
[WhiteElo "2183"]
[BlackElo "2433"]
[Annotator "TA"]
[PlyCount "86"]
[EventDate "2022.05.12"]
[EventType "swiss"]
[EventCountry "CZE"]
[SourceTitle "playchess.com"]
[Source "ChessBase"]
[SourceQuality "1"]
[TimeControl "40/5400+30:1800+30"]

1. e4 d6 2. d4 g6 3. Nc3 Bg7 4. Be3 c6 5. Qd2 b5 6. Nf3 Nd7 7. Bd3 Qc7 8. O-O Ngf6 9. h3 O-O 10. Ne2 {[%emt 0:00:06] B07: Pirc Defence: Miscellaneous Systems.} c5 {[%emt 0:12:30] [#] ...c4 is the strong threat.} 11. c3 $1 ({Reject} 11. Bxb5 Nxe4 12. Qd3 Bb7 $15) 11... Bb7 12. Ng3 {[%emt 0:01:43] White is slightly better.} e5 13. d5 c4 14. Bc2 Nc5 15. Bh6 {[%emt 0:01:44] [#]} (15. b4 $5 cxb3 16. axb3 $14) 15... Ne8 $146 (15... a5 $11) ({Predecessor:} 15... Bc8 16. b4 cxb3 17. axb3 Bd7 18. Rfc1 a5 19. b4 axb4 20. Rxa8 Rxa8 21. cxb4 Bxh6 22. Qxh6 {0-1 (86) Lorenzo de la Riva,L (2449)-Kjartansson,G (2434) Badalona 2013}) 16. Bxg7 Nxg7 17. Qh6 f6 {[%emt 0:02:59] Against Ng5} 18. b4 cxb3 19. axb3 Nd7 20. Qd2 {[%emt 0:06:57] White is more active.} (20. Rfc1 {keeps more tension.} a5 21. h4 b4 22. h5) 20... a6 21. b4 Rac8 22. Ra3 Nb6 {[%emt 0:03:08] Strongly threatening ...Nc4.} 23. Qd1 Nc4 24. Rb3 (24. Ra2 $11) 24... Qe7 $15 25. Nd2 f5 26. Nxc4 ({White should try} 26. Re1 $15) 26... Rxc4 (26... bxc4 $17 27. Ra3 f4) 27. Bd3 Rc7 {[%emt 0:00:40] aiming for ...f4.} 28. Re1 fxe4 (28... Qh4 $5 ) 29. Bxe4 Ne8 30. Qd2 Qf7 31. Re3 Nf6 32. Rd3 Kh8 33. Rb1 Rc4 34. Re1 Nd7 35. Ree3 Qe7 36. Re2 Qh4 37. Rf3 Rxf3 38. Bxf3 Nf6 {[%emt 0:00:44] Against Re4} 39. Qe3 {[%emt 0:03:05] Threatens to win with Qb6.} Bxd5 ({Don't play} 39... Nxd5 40. Bxd5 Bxd5 41. Qd3 $16) ({Black should play} 39... Rc7 $11) 40. Bxd5 $14 Nxd5 41. Qf3 Nf4 $1 42. Qa8+ {[%emt 0:00:29][%mdl 1024] White has compensation.} Kg7 {[%emt 0:00:10] [#]} 43. Re3 (43. Ra2 $1 $16 Rc7 44. Rxa6) 43... Qe7 {[%emt 0:05:38] Prevents Qb7.  Weighted Error Value: White=0.12 (very precise) /Black=0.16 (very precise)} 1/2-1/2

[Event "Czech Championship 2022"]
[Site "Usti nad Labem"]
[Date "2022.05.18"]
[Round "5.9"]
[White "Hrbek, Stepan"]
[Black "Nemec, Jachym"]
[Result "0-1"]
[ECO "A11"]
[WhiteElo "2303"]
[BlackElo "2367"]
[Annotator "TA"]
[PlyCount "74"]
[EventDate "2022.05.12"]
[EventType "swiss"]
[EventCountry "CZE"]
[SourceTitle "playchess.com"]
[Source "ChessBase"]
[SourceQuality "1"]
[TimeControl "40/5400+30:1800+30"]

1. c4 c6 2. Nf3 d5 3. e3 Nf6 4. Nc3 e6 5. b3 Bd6 6. Bb2 O-O 7. Be2 b6 {[%emt 0:00:31] 7...e5 is the modern continuation. A11: English Opening: 1...c6.} 8. Qc2 Bb7 9. Rg1 Na6 {[%emt 0:00:21] Black is slightly better.} 10. g4 e5 11. g5 Nd7 12. a3 {[%emt 0:12:08] Against Nb4} Nc7 13. h4 Qe7 14. h5 (14. d4 $1 $11) 14... f5 $1 $36 {[%emt 0:05:28][%mdl 2048] Black fights for an advantage.} 15. gxf6 Rxf6 16. Ng5 Nf8 17. Bd3 {[%emt 0:03:57] [#]} (17. b4 $15) 17... Rh6 $146 ({Not} 17... e4 18. Bxe4 $1 dxe4 19. Ncxe4 $14) (17... h6 $1 $19 {[%cal Rh6g5] and Black stays clearly on top.} 18. Nh7 Nxh7 19. Bxh7+ Kh8) ({Predecessor:} 17... h6 18. Nh7 Nxh7 19. Bxh7+ Kh8 20. Bg6 Raf8 21. Rg2 Rf3 22. Ne2 Qf6 23. O-O-O Rxf2 24. Rxf2 Qxf2 {0-1 (43) Hilby,C (2454)-Mishra,A (2370) Charlotte 2021}) 18. Ne2 $17 {[%emt 0:04:07][%cal Of2f4] Threatens to win with f4!} Ne8 19. f4 e4 {[%emt 0:17:00] [#]} (19... Rxh5 $17 20. Ng3 Rxg5 21. fxg5 e4 22. Nxe4 (22. Nf5 Qe6 $17) 22... dxe4 23. Bxe4 Be5) 20. Ng3 $2 {[%emt 0:10:29][%mdl 8192] Black keeps a firm grip on the game.} exd3 $19 21. Qxd3 {[%emt 0:00:36] aiming for Nf5.} Bc8 {[%emt 0:00:25][%cal Bb7c8,Bc8f5,Bf5g6][%mdl 32] Hoping for ...Bxf4.} 22. cxd5 (22. Qe2 $142) 22... Bxf4 $1 23. Nf3 Bxg3+ 24. Rxg3 Rxh5 25. dxc6 Bf5 26. Qc3 Bg6 27. Ke2 Rc5 28. Qb4 Qd6 29. Ne5 (29. Rg5 $142) 29... a5 30. Qd4 Rd5 31. Qc3 Nf6 {[%emt 0:02:15] ...Ne4 is the strong threat.} 32. Nxg6 Nxg6 33. Rag1 Rc5 (33... Rd8 $142 34. Ke1 Rxd2 35. Qc4+ Kh8) 34. Qd4 Qxd4 35. Bxd4 Rxc6 36. Rg5 Re8 37. a4 Kf7 {[%emt 0:01:02] Weighted Error Value: White=0.60/Black=0.30} 0-1

[Event "Czech Championship 2022"]
[Site "Usti nad Labem"]
[Date "2022.05.18"]
[Round "5.10"]
[White "Mikes, Jan"]
[Black "Smolik, Jachym"]
[Result "0-1"]
[ECO "B12"]
[WhiteElo "2349"]
[BlackElo "2272"]
[Annotator "TA"]
[PlyCount "120"]
[EventDate "2022.05.12"]
[EventType "swiss"]
[EventCountry "CZE"]
[SourceTitle "playchess.com"]
[Source "ChessBase"]
[SourceQuality "1"]
[TimeControl "40/5400+30:1800+30"]

1. e4 c6 2. d4 d5 3. e5 c5 4. dxc5 e6 5. a3 Bxc5 6. Qg4 {[%emt 0:00:08] B12: Caro-Kann: Advance Variation.} Ne7 7. Nf3 {[%emt 0:01:01] b4 is the strong threat.} O-O 8. Bd3 {[%emt 0:00:07][%cal Od3h7] The position is equal.} f5 9. exf6 Rxf6 10. Qh5 h6 11. O-O {[%emt 0:00:22] [#]} Nbc6 $146 (11... Bd6 $11) ({Predecessor:} 11... Bd6 12. Re1 Nbc6 13. c4 Bd7 14. Nc3 Qe8 15. Qxe8+ Rxe8 16. Be3 a6 17. Rad1 Bc8 {1-0 (49) Leitao,R (2592)-Yuan,Q (2373) Chess.com INT 2022}) 12. b4 $1 $16 Bd6 13. Bb2 {[%emt 0:00:56] Prevents e5.} Rf4 14. g3 Rf8 15. b5 (15. Qg4 $2 e5 16. Qh5 e4 17. Bxe4 dxe4 $19) 15... Nb8 16. Ne5 (16. Qg4 $2 e5 17. Qh5 e4 18. Bxe4 dxe4 $19) (16. Re1 $1 $16) 16... Nd7 $14 17. Ng4 {[%emt 0:01:17][%cal Ob2g7] aiming for Bxg7!} e5 $1 18. Nxe5 Nf6 {[%emt 0:06:37] Inhibits Ng4.} (18... Nc5 $11) 19. Qh4 ({Better is} 19. Qe2 $1 $16) 19... Qc7 20. Re1 Bc5 ({Black should try} 20... Bf5 $1 $11) 21. Re2 (21. Nc3 $5 ) 21... Qb6 (21... a6 $11) 22. Nd2 (22. Nc3 $1 $14) 22... Nf5 $1 $36 {[%emt 0:01:47][%mdl 2048] Black has some pressure.} 23. Bxf5 Bxf5 24. a4 a6 25. c4 (25. Nb3 $14) 25... d4 (25... axb5 $17 26. cxb5 Ne4 27. Nxe4 Bxe4) 26. a5 Qd6 {[%emt 0:01:05] Hoping for ...Rae8.} 27. Nb3 $2 (27. Nef3 $1 $11 {and White is okay.}) 27... d3 $19 28. Rd2 Ne4 $1 29. Rxd3 (29. Nxc5 $142 Nxd2 30. Qf4 (30. Nxb7 $2 Qc7 $19) 30... Qxc5 31. Qxd2 axb5 32. cxb5) 29... Bxf2+ {[%emt 0:00:28] This bishop pair is nice.} 30. Kg2 Qe6 31. Rd7 Nf6 $2 {[%emt 0:02:43] Really sharp!} (31... Rae8 $19 {And now ...Be3 would win.} 32. Rad1 (32. Rxb7 $2 Ng5 $19) 32... Ng5) 32. Rxg7+ $17 (32. Kxf2 $2 Nxd7 33. Qd4 Nxe5 34. Qxe5 Bc2+ 35. Ke3 Rae8 36. Qxe6+ Rxe6+ 37. Kd4 Bxb3 $19) 32... Kxg7 33. Kxf2 Kg8 {[%emt 0:00:29] Threatens to win with ...Ng4+.} 34. Kg1 Ng4 (34... Nd7 $15 {keeps the upper hand.} 35. Qd4 Nxe5 36. Qxe5 Qxe5 37. Bxe5 Rfc8 38. bxa6 Rxa6) 35. Re1 ({Only move:} 35. Nc5 $16 {Threatening mate with Nxg4.} Nxe5 36. Nxe6 Nf3+ 37. Kf2 Nxh4 38. Nxf8) 35... axb5 36. h3 $2 (36. Nc5 $11 {and White has nothing to worry.} Nxe5 37. Nxe6 Nf3+ 38. Kf2 Nxh4 39. Nxf8) 36... Nxe5 $19 (36... bxc4 37. hxg4 (37. Nd4 Nxe5 38. Nxe6 Nf3+ 39. Kf2 Nxh4 $17) 37... Bh7 38. Nd4 $18) 37. Rxe5 (37. Bxe5 $142 b4 38. g4 (38. Nd4 $2 Qg6 $19)) 37... Qg6 $2 (37... Qxc4 38. Qxh6 $1 Qd3 39. Rxf5 Qxg3+ 40. Kh1 Qe1+ 41. Kh2 Qe2+ 42. Kh1 Qe1+ 43. Kh2 Qe2+ 44. Kh1 Qe1+ $11) (37... Qd6 $1 $19 {[%cal Rd6d1] White must now prevent ...Qd1+.} 38. Rd5 Qg6) 38. cxb5 $2 (38. Re7 $15 Rf7 39. Rxf7 Kxf7 40. cxb5) 38... Be6 {[%emt 0:00:26][%mdl 64] Deflection} 39. Nd2 Rad8 (39... Rxa5 40. Rh5 Qd3 41. Rg5+ $1 hxg5 42. Qxg5+ Kf7 43. Qf6+ Ke8 44. Qxe6+ Kd8 45. Qb6+ Ke8 46. Qe6+ Kd8 47. Qb6+ Ke8 48. Qe6+ $11) 40. Re2 (40. Bd4 $142) 40... Rd3 $2 (40... Qc2 $1 $19 {[%cal Rc2d1] ( -> ...Qd1+)} 41. Qe4 Qxe4 42. Nxe4 Rd1+ 43. Kg2 Bd5) 41. Kh2 (41. Be5 $17) 41... Bd5 $1 42. a6 $2 (42. Be5 {is the only way for White.}) 42... bxa6 43. bxa6 {[%emt 0:00:00] [#]} Qg5 $2 (43... Qe6 $1 $19 {[%cal Re6e2][%mdl 512] is more deadly.} 44. Qg4+ (44. Rxe6 {gets mated.} Rxd2+) 44... Qxg4 45. hxg4 Rc8) 44. Qxg5+ $17 hxg5 45. g4 Kh7 {[%emt 0:03:20][%mdl 1024] Black has strong compensation.} 46. a7 Kg6 {[%emt 0:01:45] Black is more active.} ({Don't go for} 46... Rf7 $2 47. Be5 Rxa7 48. Nf1) 47. Be5 Re8 {[%emt 0:00:13] Strongly threatening ...Ra3.} 48. Kg1 (48. Nf1 $17) 48... Re7 49. Nf1 Rxa7 50. Rd2 $2 (50. Ne3 {was worth a try.}) 50... Rxd2 $19 51. Nxd2 {[%emt 0:00:05][%mdl 4096] Endgame KRB-KBN} Ra2 52. Bc3 Rc2 $2 (52... Ra3 $19 {and Black stays clearly on top.} 53. Be5 Rxh3) 53. Bb4 $17 Rc1+ 54. Kf2 Rh1 55. Nf1 $2 (55. Kg3 $17 {was the only defense.}) 55... Rxh3 $19 {[%emt 0:00:25] Black has a decisive advantage.} 56. Ne3 Bb7 57. Bd6 Rf3+ 58. Ke2 Rf6 59. Bg3 Bf3+ 60. Kd2 Ra6 {[%emt 0:00:33] Weighted Error Value: White=0.49/Black=0.41} 0-1